 Dungeon Crawl Stone Soup version 0.27-a0-46-g34d46f0a3f (webtiles) character file.

Game seed: 975149892048764669

115701 Borgoz the Warrior (level 17, -10/190 HPs)
             Began as a Halfling Gladiator on Jan 6, 2021.
             Was the Champion of Dithmenos.
             Killed by drain life
             ... invoked by a soul eater
             ... summoned by an orc high priest
              (16 damage)
             ... on level 2 of the Orcish Mines.
             The game lasted 00:48:56 (31084 turns).

Borgoz the Warrior (Halfling Gladiator)            Turns: 31084, Time: 00:48:56

Health: -10/190    AC: 22    Str: 19      XL:     17   Next: 24%
Magic:  0/24       EV: 32    Int:  4 (6)  God:    Dithmenos [******]
Gold:   1848       SH:  9    Dex: 23      Spells: 21/26 levels left

rFire    . . .     SeeInvis +   a - +3 dagger (elec)
rCold    + + +     Faith    .   x - +2 buckler
rNeg     . . .     Spirit   +   p - +7 leather armour of Burnt Wonder {Rampage Dex+4 SInv}
rPois    .         Reflect  .   J - +2 hat {Will+}
rElec    +         Harm     .   i - +2 cloak {Stlth+}
rCorr    .         Rampage  +   e - +1 pair of gloves of Elitism {*Corrode rElec rC+++ Slay+3}
Will     ++...                  Q - +1 pair of boots {rampage}
Stlth    ..........             F - amulet of guardian spirit
HPRegen  0.41/turn              t - +4 ring of evasion
MPRegen  0.19/turn              (no ring)

@: berserking (expiring), wreathed by umbra, very quick
A: small, mutation resistance 1
a: Renounce Religion, Shadow Step, Shadow Form


You were on level 2 of the Orcish Mines.
You worshipped Dithmenos.
Dithmenos was exalted by your worship.
You visited 4 branches of the dungeon, and saw 24 of its levels.
You also visited: Gauntlet and Ice Cave.

You collected 3212 gold pieces.
You spent 1364 gold pieces at shops.

Inventory:

Hand Weapons
 a - a +3 dagger of electrocution (weapon)
 b - a +6 spectral short sword
Armour
 e - the +1 pair of gloves of Elitism (worn) {*Corrode rElec rC+++ Slay+3}
   (You acquired it on level 1 of the Lair of Beasts)

   It affects your accuracy and damage with ranged weapons and melee attacks
   (+3).
   It renders you almost immune to cold.
   It insulates you from electricity.
   It may corrode you when you take damage.
 i - a +2 cloak of stealth (worn)
 p - the +7 leather armour of Burnt Wonder (worn) {Rampage Dex+4 SInv}
   (You found it on level 6 of the Dungeon)

   It affects your dexterity (+4).
   It lets you see invisible.
   It bestows one free step when moving towards enemies.
 r - the +1 cloak of Unambiguity {rPois Str+5, unknown}
   (You found it on level 1 of the Orcish Mines)

   It affects your strength (+5).
   It protects you from poison.
 x - a +2 buckler (worn)
 J - a +2 hat of willpower (worn)
 Q - a +1 pair of boots of rampaging (worn)
Jewellery
 t - a +4 ring of evasion (left hand)
 F - an amulet of guardian spirit (around neck)
Wands
 c - a wand of paralysis (24)
 d - a wand of polymorph (27)
 k - a wand of iceblast (20)
 m - a wand of random effects (20)
 z - a wand of digging (15)
 I - a wand of acid (8)
 L - a wand of flame (106)
Scrolls
 f - 2 scrolls of enchant weapon
 h - 3 scrolls of fear
 l - a scroll of teleportation
 o - 10 scrolls of remove curse
 s - 2 scrolls of magic mapping
 w - 5 scrolls of blinking
 y - a scroll of enchant armour
 A - a scroll of fog
 C - a scroll of identify
 O - 3 scrolls of amnesia
Potions
 g - 5 potions of haste
 j - 4 potions of heal wounds
 n - 2 potions of invisibility
 q - 3 potions of resistance
 u - a potion of might
 v - 4 potions of flight
 B - 2 potions of curing
 E - a potion of brilliance
 H - a potion of cancellation
 K - 2 potions of magic
 P - 3 potions of mutation


   Skills:
 * Level 15.5 Fighting
 + Level 14.7 Short Blades
 - Level 2.0 Throwing
 + Level 13.2 Armour
 + Level 13.6 Dodging
 - Level 5.0 Stealth
 + Level 4.9 Shields
 - Level 5.0 Spellcasting
 - Level 5.0 Hexes


You had 21 spell levels left.
You knew the following spells:

 Your Spells              Type           Power        Failure   Level
a - Confusing Touch       Hex            5%           16%         3
b - Blink                 Tloc           N/A          52%         2

Your spell library contained the following spells:

 Spells                   Type           Power        Failure   Level
 Corona                   Hex            5%           5%          1
 Slow                     Hex            5%           8%          2
 Animate Skeleton         Necr           2%           38%         1
 Apportation              Tloc           2%           38%         1
 Magic Dart               Conj           4%           38%         1
 Shock                    Conj/Air       4%           38%         1
 Summon Small Mammal      Summ           4%           38%         1
 Call Imp                 Summ           1%           52%         2
 Passwall                 Tmut/Erth      0%           52%         2
 Swiftness                Air            1%           52%         2
 Conjure Flame            Conj/Fire      1%           77%         3
 Gell's Gravitas          Tloc           0%           77%         3
 Lesser Beckoning         Tloc           0%           77%         3
 Mephitic Cloud           Conj/Pois/Air  1%           77%         3
 Static Discharge         Conj/Air       1%           77%         3
 Teleport Other           Tloc           1%           77%         3
 Airstrike                Air            0%           99%         4
 Hailstorm                Conj/Ice       1%           99%         4
 Passage of Golubria      Tloc           N/A          99%         4
 Petrify                  Tmut/Erth      1%           99%         4
 Metabolic Englaciation   Hex/Ice        1%           99%         5
 Yara's Violent Unravell  Hex/Tmut       1%           99%         5
 Lee's Rapid Deconstruct  Erth           0%           100%        5
 Lightning Bolt           Conj/Air       0%           100%        5
 Invisibility             Hex            5%           100%        6
 Ignition                 Fire           0%           100%        8
 Shatter                  Erth           0%           100%        9
 Tornado                  Air            0%           100%        9


Dungeon Overview and Level Annotations

Branches:
Dungeon (15/15)            Temple (1/1) D:6            Lair (6/6) D:8
 Shoals (0/4) Lair:4        Snake (0/4) Lair:3          Orc (2/2) D:12
    Elf (0/3) Orc:2        Vaults (0/5) D:14         Depths (0/5) D:15
  IceCv (visited)         Gauntlet (visited)
  Slime: Lair:5-6

Altars:
Ashenzari
Cheibriados
Dithmenos
Elyvilon
Fedhas
Gozag
Hepliaklqana
Kikubaaqudgha
Makhleb
Nemelex Xobeh
Okawaru
Qazlal
Ru
Sif Muna
Trog
Uskayaw
Vehumet
Wu Jian
Xom
Yredelemnul
Zin
The Shining One
Beogh

Shops:
D:5 !   D:6 (   D:8 [   D:10 [   D:13 :   Orc:2 =

Portals:
Abyss: D:10


Innate Abilities, Weirdness & Mutations

You are small and have problems with some larger weapons.
You are somewhat resistant to further mutation.


Message History

The soul eater draws from the surrounding life force!
* * * LOW HITPOINT WARNING * * *
The soul eater completely misses you.
Found a rat skeleton.
Things that are here:
a +0 dagger; a +0 robe; an orc corpse You puncture the orc high priest!
The orc high priest is moderately wounded.
Your shadow hits the orc high priest with a dagger.
The orc priest looks satisfied for a moment.
The orc high priest hits you with a +0 glaive.
* * * LOW HITPOINT WARNING * * *
You puncture the orc high priest!
The orc high priest is moderately wounded.
Your shadow hits the orc high priest but does no damage.
You closely miss the orc high priest.
The orc high priest is moderately wounded.
The orc knight completely misses you.
The soul eater draws from the surrounding life force!
You die... .#....##### #...### ..÷# ..>## ....## #.## ..÷... ..# ..÷...## ..# .÷.o§## ..## oo5o#

...# 33o## ...###
#o@.# ......#
##§3o# ......##
###§o§§#
#.#....#####.§§§§##
..#..........§§§##
...............##
.............###
...)))).....##
...†.).$.......


You could see an orc knight (strong), 2 soul eaters, an orc high priest
(strong), a neqoxec (summoned), an orc warrior (strong), an orc priest (strong),
an orc wizard (strong), an orc (strong) and an ufetubus (summoned).

Vanquished Creatures
  A fire giant (D:15)
  2 orc warlords (Orc:1)
  2 stone giants
  A minotaur (Gauntlet)
  An ogre mage (D:15)
  Fannar (Lair:3)
  4 boulder beetles
  2 ice dragons (IceCv)
  8 hydras
  5 catoblepae
  14 two-headed ogres
  3 centaur warriors
  The ghost of tilp the Cleaver, a novice PaAK of Lugonu (D:8)
  The ghost of ThereIsNoGod the Cleaver, a novice DsAK of Lugonu (D:10)
  A deep troll shaman (Lair:6)
  3 orc high priests
  6 death yaks (Lair:6)
  Urug (Lair:3)
  8 skeletal warriors (D:14)
  A flayed ghost (D:15)
  An unseen horror (D:15)
  A glowing orange brain (D:10)
  2 wizards
  Pikel (D:8)
  A death drake (Gauntlet)
  6 orc knights
  A wolf spider zombie (Gauntlet)
  A deep elf mage (D:15)
  3 cyclopes
  An oklob plant (Lair:4)
  9 ugly things
  6 orc sorcerers
  24 elephants
  A manticore (D:15)
  2 toenail golems (D:10)
  A black mamba (Lair:5)
  2 ice statues (IceCv)
  10 cane toads
  A torpor snail (Lair:6)
  2 gargoyles
  A kobold demonologist (D:9)
  A yaktaur (D:15)
  6 rime drakes
  17 komodo dragons
  A freezing wraith (D:15)
  3 polar bears
  7 trolls
  Grinder (D:5)
  4 slime creatures (D:13)
  14 blink frogs
  A water elemental (D:13)
  Sigmund (D:3)
  A shadow (D:12)
  4 wraiths
  49 yaks
  5 wyverns
  A basilisk (shapeshifter) (D:15)
  5 basilisks
  A vampire (D:14)
  13 vampire mosquitoes
  2 wargs
  2 swamp worms (Gauntlet)
  Menkaure (D:5)
  16 water moccasins
  An acid dragon (D:15)
  Duvessa (D:4)
  A soldier ant (D:14)
  A large abomination (D:10)
  39 orc warriors
  6 sky beasts
  6 black bears
  3 necrophages
  19 ice beasts
  A small abomination (D:10)
  14 ogres
  A phantom (D:13)
  25 wolves
  15 centaurs
  4 lemures (D:8)
  4 big kobolds
  18 bullfrogs
  A gnoll sergeant (D:10)
  Dowan (D:4)
  A wyvern skeleton (D:9)
  4 scorpions
  6 killer bees (D:10)
  A vampire bat (Orc:2)
  A howler monkey (D:5)
  5 wights (D:13)
  3 electric eels
  A centaur zombie (D:11)
  2 quasits
  21 orc priests
  6 bullfrog skeletons
  2 bullfrog zombies (D:8)
  3 hounds
  8 centaur skeletons
  A gnoll shaman (D:9)
  Crazy Yiuf (D:2)
  6 jellies
  31 orc wizards
  Jessica (D:3)
  4 iguanas
  5 hell rats (Lair:4)
  Terence (D:2)
  8 worker ants
  A killer bee zombie (D:9)
  A hound skeleton (D:4)
  A howler monkey skeleton (D:4)
  A worker ant zombie (D:5)
  11 adders
  2 shadow imps
  15 white imps
  An ufetubus (D:8)
  2 oozes
  2 adder skeletons
  2 worms (D:2)
  2 dart slugs (D:3)
  4 leopard geckos
  102 orcs
  2 ball pythons
  3 giant cockroaches
  3 goblins (D:3)
  5 hobgoblins
  25 jackals
  15 kobolds
  4 quokkas
  15 bats
  5 frilled lizards
  A jackal zombie (D:7)
  8 rats
815 creatures vanquished.

Vanquished Creatures (others)
  An orc warrior (Orc:2)
  An orc wizard (Orc:1)
  A hell rat (Lair:4)
  A white imp (Lair:4)
  An orc (Orc:1)
  25 fungi
  95 plants
125 creatures vanquished.

Grand Total: 940 creatures vanquished

Notes
Turn   | Place    | Note
-------+----------+-------------------------------------------
     0 | D:1      | Borgoz the Halfling Gladiator began the quest for the Orb.
     0 | D:1      | Reached XP level 1. HP: 14/14 MP: 1/1
   101 | D:1      | Reached skill level 2 in Fighting
   104 | D:1      | Reached XP level 2. HP: 19/19 MP: 2/2
   366 | D:1      | Reached XP level 3. HP: 17/24 MP: 3/3
   463 | D:1      | Reached skill level 1 in Armour
  1088 | D:1      | Found a glowing golden altar of the Shining One.
  1141 | D:2      | Noticed Terence
  1142 | D:2      | Found a faded altar of an unknown god.
  1167 | D:2      | Killed Terence
  1168 | D:2      | Reached XP level 4. HP: 23/30 MP: 4/4
  1729 | D:2      | Reached skill level 3 in Fighting
  1901 | D:2      | Found a runed translucent door.
  1902 | D:2      | Noticed Crazy Yiuf
  1958 | D:2      | Killed Crazy Yiuf
  1959 | D:2      | Reached XP level 5. HP: 36/36 MP: 5/5
  2167 | D:3      | Noticed Sigmund
  2186 | D:3      | Killed Sigmund
  2187 | D:3      | Reached XP level 6. HP: 35/43 MP: 6/6
  2499 | D:3      | Noticed Jessica
  2505 | D:3      | Reached skill level 4 in Fighting
  2518 | D:3      | Killed Jessica
  2519 | D:3      | Reached skill level 5 in Short Blades
  2816 | D:4      | Reached XP level 7. HP: 47/48 MP: 7/7
  2968 | D:4      | Noticed Dowan
  2970 | D:4      | Noticed Duvessa
  2996 | D:4      | Killed Duvessa
  3007 | D:4      | Killed Dowan
  3148 | D:4      | Reached skill level 5 in Dodging
  3456 | D:4      | Reached skill level 5 in Fighting
  3456 | D:4      | Reached XP level 8. HP: 25/55 MP: 8/8
  4011 | D:5      | Entered Level 5 of the Dungeon
  4203 | D:5      | Found Hueqed's Distillery.
  4423 | D:5      | HP: 2/56 [centaur/arrow (5)]
  4790 | D:5      | Noticed Grinder
  4848 | D:5      | Killed Grinder
  4849 | D:5      | Reached skill level 6 in Fighting
  5261 | D:5      | Reached XP level 9. HP: 63/63 MP: 9/9
  5276 | D:5      | Noticed Menkaure
  5287 | D:5      | Killed Menkaure
  5288 | D:5      | Reached skill level 5 in Armour
  5623 | D:6      | Found a staircase to the Ecumenical Temple.
  5663 | Temple   | Entered the Ecumenical Temple
  5793 | Temple   | Became a worshipper of Dithmenos the Shadowed
  5830 | D:6      | Found Ugagyptobu's Antique Weapon Boutique.
  5912 | D:6      | Found a broken altar of Ashenzari.
  6017 | D:6      | Found a broken altar of Ashenzari.
  6039 | D:6      | Found a sparkling altar of Nemelex Xobeh.
  6057 | D:6      | Got a bronze leather armour
  6068 | D:6      | Identified the +7 leather armour of Burnt Wonder {Rampage
                  | Dex+4 SInv} (You found it on level 6 of the Dungeon)
  6103 | D:6      | Found a white marble altar of Elyvilon.
  6458 | D:7      | Reached skill level 7 in Fighting
  6572 | D:7      | Found a radiant altar of Vehumet.
  6668 | D:7      | Found a shimmering altar of Xom.
  6668 | D:7      | Found a shimmering altar of Xom.
  6758 | D:7      | Found a hazy altar of Hepliaklqana.
  7354 | D:8      | Found a transporter.
  7358 | D:8      | Noticed a two-headed ogre
  7358 | D:8      | Noticed tilp's ghost (novice PaAK)
  7390 | D:8      | Noticed a komodo dragon
  7392 | D:8      | Noticed Pikel
  7403 | D:8      | Killed a komodo dragon
  7422 | D:8      | Reached * piety under Dithmenos
  7436 | D:8      | Reached XP level 10. HP: 33/72 MP: 10/10
  7457 | D:8      | Reached skill level 8 in Fighting
  7466 | D:8      | Killed Pikel
  7697 | D:8      | Found Idorph's Antique Armour Boutique.
  7700 | D:8      | Identified 2 scrolls of acquirement
  7903 | D:8      | Found an iron altar of Okawaru.
  8009 | D:8      | Found a transporter.
  8045 | D:8      | Found a staircase to the Lair.
  8157 | D:8      | Bought an embroidered cloak for 210 gold pieces
  8157 | D:8      | Bought a glowing scarf for 224 gold pieces
  8503 | D:9      | Noticed a kobold demonologist
  8515 | D:9      | Reached ** piety under Dithmenos
  8516 | D:9      | Noticed a smoke demon
  8519 | D:9      | Killed a kobold demonologist
  8520 | D:9      | Reached skill level 9 in Fighting
  8779 | D:9      | Noticed a two-headed ogre
  8790 | D:9      | Killed a two-headed ogre
  8791 | D:9      | Reached XP level 11. HP: 37/80 MP: 11/11
  9110 | D:9      | Found a shimmering blue altar of Sif Muna.
  9111 | D:9      | Noticed a two-headed ogre
  9130 | D:9      | Killed a two-headed ogre
  9790 | D:10     | Entered Level 10 of the Dungeon
  9841 | D:10     | Found a transporter.
  9857 | D:10     | Found a transporter.
  9870 | D:10     | Reached skill level 10 in Fighting
 10046 | D:10     | Noticed a toenail golem
 10052 | D:10     | Noticed a toenail golem
 10066 | D:10     | Found Teohogh's Antique Armour Shoppe.
 10069 | D:10     | Bought a brightly glowing leather armour for 175 gold
                  | pieces
 10079 | D:10     | Identified the +3 leather armour "Enodud" {rCorr} (You
                  | bought it in a shop on level 10 of the Dungeon)
 10463 | D:10     | Noticed a two-headed ogre
 10479 | D:10     | Killed a two-headed ogre
 10480 | D:10     | Reached skill level 1 in Stealth
 10570 | D:10     | Noticed a glowing orange brain
 10809 | D:11     | Found a gate leading to a gauntlet.
 10898 | D:11     | Reached skill level 10 in Short Blades
 11002 | Gauntlet | Entered a Gauntlet
 11002 | Gauntlet | Found a transporter.
 11002 | Gauntlet | Found a transporter.
 11002 | Gauntlet | Noticed a moth of wrath
 11003 | Gauntlet | Found a transporter.
 11004 | Gauntlet | Found a transporter.
 11004 | Gauntlet | Found a transporter.
 11008 | Gauntlet | Found a transporter.
 11012 | Gauntlet | Noticed a wizard
 11014 | Gauntlet | Found a transporter.
 11015 | Gauntlet | Found a transporter.
 11016 | Gauntlet | Found a transporter.
 11018 | Gauntlet | Found a transporter.
 11026 | Gauntlet | Found a transporter.
 11026 | Gauntlet | Found a transporter.
 11026 | Gauntlet | Noticed a death drake
 11365 | Gauntlet | Killed a wizard
 11535 | Gauntlet | Got a clouded ivory amulet
 11561 | Gauntlet | Killed a death drake
 11915 | Gauntlet | Identified the amulet of Tasiheek {Acrobat Will+} (You
                  | found it in a Gauntlet)
 11925 | Gauntlet | Identified the +7 mace of the Equator {vorpal, rPois rC+
                  | Will+}
 11925 | Gauntlet | Noticed a minotaur
 11932 | Gauntlet | Identified the Almanac of Frigorific Clay
 11938 | Gauntlet | Killed a minotaur
 11939 | Gauntlet | Reached XP level 12. HP: 89/89 MP: 12/12
 11972 | D:11     | You fall into a shaft and drop 1 floor!
 12059 | D:12     | Reached *** piety under Dithmenos
 12314 | D:12     | Reached skill level 11 in Fighting
 12789 | D:11     | Noticed a boulder beetle
 12801 | D:11     | Killed a boulder beetle
 12802 | D:11     | Reached skill level 10 in Dodging
 12872 | D:11     | Noticed a five-headed hydra
 12879 | D:11     | Killed a five-headed hydra
 13019 | Lair:1   | Entered Level 1 of the Lair of Beasts
 13087 | Lair:1   | Reached skill level 5 in Stealth
 13651 | Lair:1   | Found a transporter.
 13652 | Lair:1   | Found a transporter.
 13653 | Lair:1   | Noticed a boulder beetle
 13849 | Lair:1   | Acquired the +1 pair of gloves of Elitism {*Corrode rElec
                  | rC+++ Slay+3}
 13850 | Lair:1   | Acquired a +6 short sword of protection
 13953 | D:8      | Killed tilp's ghost
 13969 | D:8      | Killed a two-headed ogre
 13970 | D:8      | Reached XP level 13. HP: 71/96 MP: 13/13
 13970 | D:8      | Reached **** piety under Dithmenos
 14347 | D:10     | Reached skill level 10 in Armour
 14356 | D:10     | Noticed ThereIsNoGod's ghost (novice DsAK)
 14378 | D:10     | Killed ThereIsNoGod's ghost
 14379 | D:10     | Reached skill level 12 in Fighting
 14397 | D:10     | Found a one-way gate to the infinite horrors of the Abyss.
 14568 | D:12     | Noticed a boulder beetle
 14615 | D:12     | Killed a boulder beetle
 15188 | D:12     | Found a staircase to the Orcish Mines.
 15243 | D:12     | Noticed a seven-headed hydra
 15248 | D:12     | Killed a seven-headed hydra
 15436 | D:13     | Noticed a catoblepas
 15448 | D:13     | Killed a catoblepas
 15918 | D:13     | HP: 4/98 [drowned by a water elemental (10)]
 16238 | D:13     | Noticed a centaur warrior
 16249 | D:13     | Killed a centaur warrior
 16254 | D:13     | Reached ***** piety under Dithmenos
 16863 | D:13     | Reached skill level 13 in Fighting
 16984 | D:13     | Reached XP level 14. HP: 106/106 MP: 14/14
 17262 | D:13     | Found Ziat's Book Shoppe.
 17282 | D:13     | Bought a book of Misfortune for 300 gold pieces
 17286 | D:13     | Learned a level 3 spell: Confusing Touch
 17289 | D:13     | Learned a level 2 spell: Blink
 17616 | D:14     | Reached skill level 1 in Hexes
 17649 | D:14     | Reached skill level 1 in Spellcasting
 18393 | D:14     | Found a gate to the Vaults.
 18671 | D:15     | Entered Level 15 of the Dungeon
 18757 | D:15     | Noticed a fire giant
 18757 | D:15     | Found a staircase to the Depths.
 18878 | D:15     | Found a shimmering blue altar of Sif Muna.
 19589 | D:15     | Reached XP level 15. HP: 94/112 MP: 19/19
 19677 | D:15     | Killed a fire giant
 20373 | D:15     | Reached skill level 14 in Fighting
 20525 | D:15     | Reached ****** piety under Dithmenos
 21935 | Lair:3   | Noticed Urug
 21939 | Lair:3   | Noticed Fannar
 21961 | Lair:3   | Killed Urug
 21978 | Lair:3   | Killed Fannar
 22115 | Lair:3   | Found a staircase to the Snake Pit.
 22794 | Lair:4   | Found a frozen archway.
 22832 | IceCv    | Entered an ice cave
 23976 | Lair:4   | Found a glowing silver altar of Zin.
 24071 | Lair:4   | Found a staircase to the Shoals.
 24507 | Lair:4   | Found an ancient bone altar of Kikubaaqudgha.
 24618 | Lair:4   | Reached XP level 16. HP: 113/120 MP: 22/22
 25505 | Lair:5   | You fall into a shaft and drop 1 floor!
 25505 | Lair:6   | Entered Level 6 of the Lair of Beasts
 25508 | Lair:6   | Reached skill level 1 in Shields
 26024 | Lair:6   | Got an encrusted leather armour
 26035 | Lair:6   | Identified the +1 leather armour of Least Resistance
                  | {Will+} (You found it on level 6 of the Lair of Beasts)
 26181 | Lair:6   | Reached skill level 5 in Hexes
 26995 | Lair:6   | Reached skill level 15 in Fighting
 27605 | Lair:6   | Reached skill level 5 in Spellcasting
 28197 | Lair:6   | Got a crude morningstar
 28199 | Lair:6   | Identified the +0 morningstar of Ambiguity {drain, rC+
                  | Dex+3 Stlth+} (You found it on level 6 of the Lair of
                  | Beasts)
 28743 | D:5      | Bought a potion of heal wounds for 65 gold pieces
 28743 | D:5      | Bought a potion of berserk rage for 65 gold pieces
 28743 | D:5      | Bought a potion of heal wounds for 65 gold pieces
 28743 | D:5      | Bought a potion of resistance for 130 gold pieces
 28743 | D:5      | Bought a potion of heal wounds for 65 gold pieces
 28743 | D:5      | Bought a potion of heal wounds for 65 gold pieces
 28944 | Orc:1    | Entered Level 1 of the Orcish Mines
 29721 | Orc:1    | Found a transporter.
 30031 | Orc:1    | Found a roughly hewn altar of Beogh.
 30031 | Orc:1    | Found a transporter.
 30147 | Orc:1    | Reached XP level 17. HP: 127/127 MP: 22/24
 30195 | Orc:1    | Got a twisted cloak
 30369 | Orc:2    | Entered Level 2 of the Orcish Mines
 30776 | Orc:2    | Found a staircase to the Elven Halls.
 31010 | Orc:2    | Found Jimemn's Jewellery Shoppe.
 31081 | Orc:2    | HP: 7/190 [soul eater/drain life[an orc high priest] (14)]
 31084 | Orc:2    | Killed from afar by a soul eater

Illustrated notes

Levels and vault maps discovered:
D:1:      dpeg_arrival_shelter, layout_loops_ring, tso_altar
D:2:      layout_basic, chequers_ecumenical_altar_simple_redux,
          uniq_crazy_yiuf_cottage, uniq_terence
D:3:      layout_loops_cross, uniq_sigmund, uniq_jessica
D:4:      layout_basic, uniq_duvessa
D:5:      layout_basic, serial_shops, nicolae_shop_behind_doors, uniq_menkaure,
          uniq_grinder
D:6:      layout_cave_pools, old_standard_altar, old_standard_altar,
          nicolae_ashenzari_panopticon, minmay_temple_entry_sparse_star,
          serial_shops, shop_statue, kennysheep_flooded_box
D:7:      layout_cave_pods, xom_redecorated, nicolae_overflow_crystal_walls,
          nzn_hepliaklqana_mist_gate
D:8:      layout_cave_pools, okawaru_metal_pillars_3,
          grunt_lair_entry_orc_guard_hut, serial_shops, nicolae_shop_stone,
          gammafunk_ghost_smash, uniq_pikel
D:9:      layout_stronghold, led_sif_pool, nzn_random_ring
D:10:     layout_layer_cave, serial_shops, nicolae_shop_behind_doors,
          gammafunk_ghost_abyssal_escape, amcnicky_mini_pool_small
D:11:     layout_small_grid, gauntlet_entry_generic
D:12:     layout_gridville, david_orc_2, hangedman_decor_peaks_small
D:13:     layout_loops_corners, serial_shops, shop, lightli_minifort
D:14:     layout_loops_ring, david_vaults_1, minmay_unpleasant_kobolds
D:15:     grunt_enter_depths_giant_problem, layout_long_grid, basic_altar,
          minmay_fountain_box, roderic_cross_of_infinity,
          minmay_shattered_shrine
Temple:   eino_temple_lava
Lair:1:   gammafunk_boulding_lane, layout_hall_layers, beast_lair_carwin_11
Lair:2:   layout_misc_corridors
Lair:3:   layout_gridlike, minmay_snake_entry_six_corridors, uniq_urug,
          uniq_fannar
Lair:4:   layout_regular_city, minmay_shoals_entry_centaurs, basic_altar,
          portal_ice_cave_entry_imps, cheibrodos_lair_caveside_slide,
          lemuel_oklob_altar
Lair:5:   layout_layer_cave, slime_altar_1, lemuel_fruit_fields,
          serial_bayou_shore_a, minmay_lair_oklob_chamber
Lair:6:   grunt_lair_end_beastmaster, layout_cave_pods, serial_bayou,
          serial_bayou_pond_e, serial_bayou_ford_a, serial_bayou_lagoon_b,
          serial_bayou_pond_b
Orc:1:    gammafunk_beogh_shrine, layout_caves
Orc:2:    grunt_orc_tribal_feast, layout_caves, serial_shops, shop,
          roderic_batcave

Skill      XL: |  1  2  3  4  5  6  7  8  9 10 11 12 13 14 15 16 |
---------------+-------------------------------------------------+-----
Fighting       | 2 3 4 5 6 7 9 10 11 13 14 15 | 15.5
Armour         | 1 2 3 4 6 7 8 9 11 12 13 | 13.2
Short Blades   | 4 5 6 7 9 10 11 12 13 14 | 14.7
Dodging        | 4 5 6 7 8 9 10 11 12 13 | 13.6
Stealth        | 3 5 |  5.0
Hexes          | 3 4 5 |  5.0
Spellcasting   | 2 4 5 |  5.0
Shields        | 4 |  4.9
Throwing       | |  2.0

Action                   |  1- 3 |  4- 6 |  7- 9 | 10-12 | 13-15 | 16-18 || total
-------------------------+-------+-------+-------+-------+-------+-------++-------
Melee: Rapier            |   112 |   159 |       |       |       |       ||   271
       Short sword       |       |    14 |    37 |    93 |   595 |   805 ||  1544
       Dagger            |       |       |   389 |   780 |  1129 |   562 ||  2860
Throw: Throwing net      |     1 |     2 |       |     4 |     2 |       ||     9
Evoke: Wand              |       |       |       |       |     1 |       ||     1
  Use: Scroll            |       |     9 |     8 |    10 |    11 |     2 ||    40
       Potion            |       |     2 |     6 |     7 |     5 |     6 ||    26
 Stab: Held in net/web   |       |     1 |       |     4 |       |       ||     5
       Sleeping          |       |       |       |    14 |    50 |    10 ||    74
       Distracted        |       |       |       |     2 |     5 |     7 ||    14
       Petrified         |       |       |       |       |     5 |     1 ||     6
       Petrifying        |       |       |       |       |     2 |       ||     2
       Invisible         |       |       |       |       |       |     6 ||     6
       Fleeing           |       |       |       |       |       |     1 ||     1
Armor: Leather armour    |    14 |       |    28 |   124 |   184 |   174 ||   524
       Ring mail         |    12 |    59 |    78 |       |       |       ||   149
Dodge: Dodged            |    80 |   153 |   238 |   548 |  1126 |  1474 ||  3619
Block: Buckler           |       |     6 |    98 |   219 |   417 |   658 ||  1398

Table legend: (Time is in decaauts)
 A = Elapsed time spent in this place.
 B = Non-inter-level travel time spent in this place.
 C = Inter-level travel time spent in this place.
 D = Time resting spent in this place.
 E = Time spent auto-exploring this place.
 F = Levels seen in this place.
 G = Mean time per level.
                   A        B        C        D        E       F      G
               +--------+--------+--------+--------+--------+-----+--------+
         Total |  29199 |  27378 |   1821 |   5294 |  16329 |  26 | 1123.0 |
       Dungeon |  18996 |  17554 |   1442 |   3281 |  10920 |  15 | 1266.4 |
        Temple |    137 |    130 |      7 |      0 |     55 |   1 |  137.0 |
          Lair |   6643 |   6312 |    331 |   1183 |   3791 |   6 | 1107.2 |
  Orcish Mines |   1614 |   1575 |     39 |      0 |   1048 |   2 |  807.0 |
      Ice Cave |    858 |    858 |      0 |    333 |    274 |   1 |  858.0 |
      Gauntlet |    949 |    949 |      0 |    497 |    241 |   1 |  949.0 |
               +--------+--------+--------+--------+--------+-----+--------+

Top non-repeatable levels by time:
  Lair:6: 2479 daAuts
    D:15: 2242 daAuts
    D:13: 1889 daAuts
    D:12: 1700 daAuts
     D:5: 1550 daAuts
     D:9: 1523 daAuts
    D:10: 1412 daAuts
    D:14: 1237 daAuts
     D:4: 1207 daAuts
     D:8: 1173 daAuts
     D:1: 1141 daAuts
  Lair:4: 1104 daAuts
   Orc:1: 1021 daAuts
  Lair:1: 1010 daAuts
Gauntlet: 949 daAuts
